 Dungeon Crawl Stone Soup version 0.31-a0-441-g867994ef1c (webtiles) character file.

Game seed: 1973536910002146959

237 Xavori the Slasher (level 6, -4/47 HPs)
             Began as a Djinni Chaos Knight on Aug 2, 2023.
             Was a Plaything of Xom.
             Splashed by a jelly's acid (10 damage)
             ... on level 4 of the Dungeon.
             The game lasted 00:02:35 (10744 turns).

Xavori the Slasher (Djinni Chaos Knight)           Turns: 10744, Time: 00:02:37

Health: -4/47      AC:  7    Str: 13    XL:     6   Next: 28%
Gold:   303        EV: 12    Int: 14    God:    Xom [...*..] SH:  0 Dex: 14

rFire   + + .        a - +0 falchion (chaos)
rCold   x . .        (no shield)
rNeg    . . .        b - +2 leather armour
rPois   ∞            (no helmet)
rElec   .            (no cloak)
rCorr   .            (no gloves)
SInv    .            (boots unavailable)
Will    +....        (no amulet)
Stlth   ++           (no ring)
HPRegen 1.07/turn    (no ring)
MPRegen 0.00/turn

%: clarity, infuse magic (-5 HP)
@: corroded, flying
A: sickness immunity, fire resistance 2, cold vulnerability 1, float, innate
caster, HP casting, extra vitality 1, iridescent scales 3, thin skeletal
structure 1, clarity, strong-willed 1, regeneration 1, wild magic 1
a: Renounce Religion


You were on level 4 of the Dungeon.
You worshipped Xom.
You were a favourite toy of Xom.
You visited 1 branch of the dungeon, and saw 4 of its levels.

You collected 303 gold pieces.

Inventory:

Hand Weapons
 a - a +0 falchion of chaos (weapon)
Armour
 b - a +2 leather armour (worn)
Scrolls
 c - a scroll of butterflies
 f - a scroll of fear {unknown}
 h - 2 scrolls of teleportation
 k - a scroll of amnesia
 n - a scroll of noise
 p - a scroll of fog {unknown}
 q - a scroll of vulnerability
Potions
 d - a potion of berserk rage {unknown}
 e - 3 potions of curing
 g - a potion of haste {unknown}
 i - a potion of ambrosia {unknown}
 j - 3 potions of degeneration {unknown}
 l - a potion of cancellation {unknown}
 m - a potion of attraction {unknown}
 o - a potion of magic {unknown}


   Skills:
 + Level 3.7 Fighting
 + Level 3.9 Long Blades
 + Level 2.4 Armour
 + Level 3.1 Dodging
 + Level 1.0 Stealth
 * Level 1.2 Spellcasting
 * Level 1.2 Conjurations
 * Level 1.2 Hexes
 * Level 1.2 Summonings
 * Level 1.2 Necromancy
 * Level 1.2 Translocations
 * Level 1.2 Transmutations
 * Level 1.2 Fire Magic
 * Level 1.2 Ice Magic
 * Level 1.2 Air Magic
 * Level 1.2 Earth Magic
 * Level 1.2 Poison Magic


You knew the following spells:

 Your Spells              Type           Power      Damage    Failure   Level
a - Sting                 Tmut/Pois      20%        1d4       28%         1
b - Lesser Beckoning      Tloc           10%        N/A       38%         2
Your spell library was empty.

Dungeon Overview and Level Annotations

Branches:
Dungeon (4/15)
 Temple: D:4-7

Altars:


Innate Abilities, Weirdness & Mutations

You are immune to sickness and miasma.
You are immune to poison.
Your flesh is very heat resistant. (rF++)
You are vulnerable to cold. (rC-)
You float through the air rather than walking.
You learn spells naturally, not from books.
Your magical power is your life essence.
You have superior vitality. (+4 MHP)
You are completely covered in iridescent scales. (AC +6)
You have a somewhat thin skeletal structure. (Dex +2, Stealth+)
You possess an exceptional clarity of mind.
You are strong-willed. (Will+)
Your natural rate of healing is unusually fast.
Your spells are a little harder to cast, but a little more powerful.


Message History

Unknown command.
You slash the orc!
You kill the orc!
Things that are here:
a +3 hand axe; an orc corpse The goblin barely misses you.
You barely miss the goblin. The goblin barely misses you.
You miss the goblin. The goblin closely misses you.
You hit the goblin.
You kill the goblin!
No target in view!
No target in view!
No target in view!
Okay, then.
The jelly quivers.
A jelly is nearby!
A jelly is nearby!
A jelly is nearby!
The jelly hits you.
You are splashed with acid.
Things that are here:
a +0 club; 10 gold pieces You hit the jelly.
Your hands burn!
You punch the jelly.
The jelly is moderately wounded.
The jelly hits you. The acid corrodes you!
You are splashed with acid!
You hit the jelly.
The jelly goes berserk!
Your hands burn!
The jelly is heavily wounded.
The jelly closely misses you. The jelly hits you.
You are splashed with acid!
You are too injured to fight recklessly!
You hit the jelly but do no damage.
Your hands burn!
The jelly is heavily wounded.
The jelly hits you.
You are splashed with acid!
* * * LOW HITPOINT WARNING * * *
You hit the jelly but do no damage.
Your hands burn!
* * * LOW HITPOINT WARNING * * *
The jelly is heavily wounded.
The jelly hits you.
* * * LOW HITPOINT WARNING * * *
You are splashed with acid!
You die...
Xom bursts into laughter!

#... # .....# #
#..#. #. ....
#.###..#
...#..#
.###.#.#..##
.......@...####
.###.#J#......+
...#.).####
#.###..!.#
#.#....#.# #
###..#.#
....#.# #+#
######.# #.#
#.# #.#


You could see a jelly (berserk).

Vanquished Creatures
  4 hounds
  A gnoll (D:3)
  3 adders (D:2)
  A worm (D:3)
  2 dart slugs
  5 orcs
  6 ball pythons
  6 bats
  6 endoplasms
  A giant cockroach (D:4)
  9 goblins
  4 hobgoblins
  3 jackals (D:2)
  4 kobolds
  2 quokkas
  4 frilled lizards
  7 rats
68 creatures vanquished.

Notes
Turn   | Place    | Note
-------+----------+-------------------------------------------
     0 | D:1      | Xavori the Djinni Chaos Knight began the quest for the Orb.
     0 | D:1      | Reached XP level 1. HP: 20/20 MP: 0/0
   129 | D:1      | Reached XP level 2. HP: 25/25 MP: 0/0
   234 | D:1      | Reached XP level 3. HP: 30/30 MP: 0/0
   234 | D:1      | Learned a level 1 spell: Sting
   422 | D:1      | XOM: divination: magic mapping
   425 | D:1      | XOM: potion effect (might)
   666 | D:1      | XOM: divination: detect items
   694 | D:1      | XOM: silly message
  1427 | D:1      | XOM: silly message
  2739 | D:1      | XOM: give mutations
  2739 | D:1      | Gained mutation: You are partially covered in iridescent
                  | scales. (AC +2) [Xom's grace]
  3111 | D:1      | XOM: divination: detect creatures
  3724 | D:1      | XOM: god gift: 32 gold pieces
  4115 | D:1      | XOM: cloud trail
  4152 | D:1      | XOM: god gift: book of the Senses
  4302 | D:1      | XOM: give mutations
  4302 | D:1      | Gained mutation: You are strong-willed. (Will+) [Xom's
                  | grace]
  4302 | D:1      | Gained mutation: You are mostly covered in iridescent
                  | scales. (AC +4) [Xom's grace]
  4302 | D:1      | Gained mutation: You have hidden genetic potential. [Xom's
                  | grace]
  4723 | D:1      | XOM: give mutations
  4723 | D:1      | Gained mutation: Your spells are a little harder to cast,
                  | but a little more powerful. [Xom's grace]
  4723 | D:1      | Gained mutation: Your natural rate of healing is unusually
                  | fast. [Xom's grace]
  5244 | D:1      | XOM: cloud trail
  5644 | D:1      | XOM: scenery: summon butterflies
  5724 | D:1      | XOM: god gift: 19 gold pieces
  6396 | D:1      | XOM: god gift: 59 gold pieces
  6897 | D:1      | XOM: silly message
  7104 | D:1      | XOM is BORED!
  7104 | D:1      | XOM: silly message
  7631 | D:1      | XOM: noise
  8091 | D:1      | XOM is BORED!
  9112 | D:1      | XOM: give mutation
  9112 | D:1      | Gained mutation: You possess an exceptional clarity of
                  | mind. [Xom's mischief]
  9207 | D:2      | XOM is BORED!
  9207 | D:2      | XOM: 7-stop teleportation journey
  9238 | D:2      | Reached XP level 4. HP: 35/35 MP: 0/0
  9303 | D:2      | XOM: 1-stop teleportation journey
  9312 | D:2      | Gained mutation: You are completely covered in iridescent
                  | scales. (AC +6) [hidden potential]
  9428 | D:2      | Reached XP level 5. HP: 30/40 MP: 0/0
  9428 | D:2      | Learned a level 2 spell: Lesser Beckoning
  9490 | D:2      | Gained mutation: You have a somewhat thin skeletal
                  | structure. (Dex +2, Stealth+) [hidden potential]
  9490 | D:2      | Lost mutation: You have hidden genetic potential. [hidden
                  | potential expressed]
  9692 | D:3      | XOM: 4-stop teleportation journey
  9720 | D:3      | Reached skill level 1 in Spellcasting
  9720 | D:3      | Reached skill level 1 in Conjurations
  9720 | D:3      | Reached skill level 1 in Hexes
  9720 | D:3      | Reached skill level 1 in Summonings
  9720 | D:3      | Reached skill level 1 in Necromancy
  9720 | D:3      | Reached skill level 1 in Translocations
  9720 | D:3      | Reached skill level 1 in Transmutations
  9720 | D:3      | Reached skill level 1 in Fire Magic
  9720 | D:3      | Reached skill level 1 in Ice Magic
  9720 | D:3      | Reached skill level 1 in Air Magic
  9720 | D:3      | Reached skill level 1 in Earth Magic
  9720 | D:3      | Reached skill level 1 in Poison Magic
  9861 | D:3      | XOM: enchant monster (good)
  9905 | D:3      | Reached XP level 6. HP: 46/46 MP: 0/0
 10246 | D:3      | XOM: 1-stop teleportation journey
 10724 | D:4      | Reached skill level 1 in Stealth
 10744 | D:4      | Splashed by a jelly's acid

Illustrated notes

Levels and vault maps discovered:
D:1:      shiori_arrival_oz, layout_loops_ring
D:2:      layout_basic
D:3:      layout_basic, minmay_misc_feat_columns, dreamdust_wishing_well,
          cheibrodos_gnoll_hut
D:4:      layout_loops_corners, minmay_misc_feat_roman

Skill      XL: |  1  2  3  4  5  6 |
---------------+-------------------+-----
Long Blades    | 3 |  3.9
Armour         | 2 |  2.4
Spellcasting   | 1 |  1.2
Conjurations   | 1 |  1.2
Hexes          | 1 |  1.2
Summonings     | 1 |  1.2
Necromancy     | 1 |  1.2
Translocations | 1 |  1.2
Transmutations | 1 |  1.2
Fire Magic     | 1 |  1.2
Ice Magic      | 1 |  1.2
Air Magic      | 1 |  1.2
Earth Magic    | 1 |  1.2
Poison Magic   | 1 |  1.2
Dodging        | 3 |  3.1
Stealth        | 1 |  1.0
Fighting       | |  3.7

Action                     |  1- 3 |  4- 6 || total
---------------------------+-------+-------++-------
  Melee: Falchion          |    73 |   124 ||   197
         Punch             |       |     1 ||     1
    Use: Scroll            |       |     5 ||     5
   Stab: Sleeping          |       |     4 ||     4
 Armour: Leather armour    |    36 |    91 ||   127
  Dodge: Dodged            |    55 |    98 ||   153

Table legend: (Time is in decaauts)
 A = Elapsed time spent in this place.
 B = Non-inter-level travel time spent in this place.
 C = Inter-level travel time spent in this place.
 D = Time resting spent in this place.
 E = Time spent auto-exploring this place.
 F = Levels seen in this place.
 G = Mean time per level.
                   A        B        C        D        E       F      G
               +--------+--------+--------+--------+--------+-----+--------+
         Total |  10771 |  10625 |    146 |   8435 |   1705 |   4 | 2692.8 |
       Dungeon |  10771 |  10625 |    146 |   8435 |   1705 |   4 | 2692.8 |
               +--------+--------+--------+--------+--------+-----+--------+

Top non-repeatable levels by time:
     D:1: 9199 daAuts
     D:3: 943 daAuts
     D:2: 460 daAuts
     D:4: 167 daAuts
